 Dungeon Crawl Stone Soup version 0.27-a0-1191-g601b473118 (webtiles) character file.

Game seed: 16530971457533556278

16772 senseless the Fighter (level 12, -6/100 HPs)
             Began as a Demonspawn Monk on May 22, 2021.
             Was a High Priest of Dithmenos.
             Mangled by a slime creature (10 damage)
             ... on level 12 of the Dungeon on May 24, 2021.
             The game lasted 00:41:08 (14584 turns).

senseless the Fighter (Demonspawn Monk)            Turns: 14584, Time: 00:41:09

Health: -6/100     AC: 17    Str: 28    XL:     12   Next: 13%
Magic:  12/12      EV: 16    Int: 14    God:    Dithmenos [*****.]
Gold:   73         SH:  0    Dex: 17    Spells: 11/11 levels left

rFire    . . .     SeeInvis .   u - +6 flail (flame)
rCold    . . .     Faith    .   (no shield)
rNeg     . . .     Spirit   .   v - +3 leather armour {rPois}
rPois    +         Reflect  .   l - +2 helmet
rElec    .         Harm     .   E - +0 cloak
rCorr    +         Rampage  .   x - +0 pair of gloves of Lamnih {rCorr Str+3}
Will     .....                  H - +1 pair of boots
Stlth    ++++++....             (no amulet)
HPRegen  0.26/turn              y - +6 ring of strength
MPRegen  0.13/turn              G - +6 ring of strength

@: wreathed by umbra
A: thin metallic scales 2, powered by pain 2, spiny 2
a: Renounce Religion, Shadow Step, Shadow Form


You were on level 12 of the Dungeon.
You worshipped Dithmenos.
Dithmenos was extremely pleased with you.
You visited 1 branch of the dungeon, and saw 12 of its levels.
You also visited: Sewer.

You collected 854 gold pieces.
You spent 781 gold pieces at shops.

Inventory:

Hand Weapons
 p - a +1 dagger of protection
 u - a +6 flail of flaming (weapon)
Missiles
 B - a throwing net
Armour
 l - a +2 helmet (worn)
 v - a +3 leather armour of poison resistance (worn)
 x - the +0 pair of gloves of Lamnih (worn) {rCorr Str+3}
   (You found it on level 6 of the Dungeon)

   It affects your strength (+3).
   It protects you from acid and corrosion.
 C - a +3 plate armour
 E - a +0 cloak (worn)
 H - a +1 pair of boots (worn)
Jewellery
 g - an amulet of magic regeneration
 y - a +6 ring of strength (left hand)
 G - a +6 ring of strength (right hand)
Wands
 h - a wand of charming (2)
 k - a wand of digging (9)
 o - a wand of flame (17)
 z - a wand of iceblast (8) (quivered)
Scrolls
 a - a scroll of identify
 i - a scroll of summoning
 n - 3 scrolls of teleportation
 t - a scroll of fear
 A - a scroll of fog
 D - a scroll of blinking
Potions
 b - a potion of cancellation
 c - a potion of invisibility
 e - 5 potions of might
 f - a potion of lignification
 j - 4 potions of brilliance
 m - 6 potions of attraction
 q - 3 potions of curing
 r - a potion of haste
 s - 2 potions of magic
 w - a potion of mutation
 F - 2 potions of flight
 I - a potion of ambrosia


   Skills:
 * Level 11.4 Fighting
 * Level 9.1 Maces & Flails
 + Level 6.2 Armour
 + Level 7.7 Dodging
 + Level 8.0 Stealth
 - Level 4.1 Unarmed Combat
 - Level 0.4 Invocations


You had 11 spell levels left.
You didn't know any spells.
Your spell library contained the following spells:

 Spells                   Type           Power      Damage    Failure   Level
 Animate Skeleton         Necr           0%         N/A       32%         1
 Apportation              Tloc           0%         N/A       32%         1
 Corona                   Hex            0%         N/A       32%         1
 Magic Dart               Conj           0%         1d3       32%         1
 Pain                     Necr           0%         1d4       32%         1
 Sting                    Tmut/Pois      0%         1d3       32%         1
 Summon Small Mammal      Summ           0%         N/A       32%         1
 Poisonous Vapours        Pois/Air       0%         N/A       43%         2
 Searing Ray              Conj           0%         3d3       43%         2
 Sublimation of Blood     Necr           0%         N/A       43%         2
 Confusing Touch          Hex            0%         N/A       67%         3
 Dazzling Flash           Conj/Hex       0%         N/A       67%         3
 Gell's Gravitas          Tloc           0%         N/A       67%         3
 Ignite Poison            Fire/Tmut/Pois 0%         N/A       67%         3
 Mephitic Cloud           Conj/Pois/Air  0%         N/A       67%         3
 Vampiric Draining        Necr           0%         2d6       67%         3
 Animate Dead             Necr           0%         N/A       97%         4
 Cause Fear               Hex            0%         N/A       97%         4
 Fulminant Prism          Conj/Hex       0%         3d6       97%         4
 Iskenderun's Mystic Bla  Conj/Tloc      0%         2d3       97%         4
 Olgreb's Toxic Radiance  Pois           0%         N/A       97%         4
 Petrify                  Tmut/Erth      0%         N/A       97%         4
 Agony                    Necr           0%         N/A       100%        5
 Alistair's Intoxication  Tmut/Pois      0%         N/A       100%        5
 Irradiate                Conj/Tmut      0%         3d14      100%        5
 Metabolic Englaciation   Hex/Ice        0%         N/A       100%        5
 Silence                  Hex/Air        0%         N/A       100%        5
 Yara's Violent Unravell  Hex/Tmut       0%         3d3       100%        5
 Blade Hands              Tmut           0%         N/A       100%        6
 Eringya's Noxious Bog    Tmut/Pois      0%         N/A       100%        6
 Statue Form              Tmut/Erth      0%         N/A       100%        6
 Dragon Form              Tmut           0%         N/A       100%        7
 Discord                  Hex            0%         N/A       100%        8


Dungeon Overview and Level Annotations

Branches:
Dungeon (12/15)            Temple (0/1) D:4            Lair (0/6) D:9
    Orc (0/2) D:11          Sewer (visited)

Altars:
Ashenzari
Dithmenos
Makhleb
Okawaru
Qazlal
Uskayaw
Xom
Zin

Shops:
D:1 *   D:6 !   D:7 [?   D:11 ?*[!

Portals:
Trove: D:11 (show abyssal rune of Zot)

Annotations:
D:5 3 runed translucent doors, HoaS's ghost, novice DjIE
D:6 1 runed translucent door, tilp's ghost, novice BaSu
D:12 1 runed translucent door, Cralpanu's ghost, journeyman MfTm


Innate Abilities, Weirdness & Mutations

You are mostly covered in thin metallic scales. (AC +3)
You sometimes gain power by taking damage.
You are mostly covered in sharp spines.


Message History

The very large slime creature hits you!!
* * * LOW HITPOINT WARNING * * *
There is an open door here.
There is an open door here.
Cralpanu's ghost turns its malevolent gaze towards you.
You open the door.
The very large slime creature hits you but does no damage.
There is an open door here.
There is a stone staircase leading up, spattered with blood here.
You feel much better.
A very large slime creature splits.
You bludgeon the large slime creature!! You burn the large slime creature!
The large slime creature is heavily wounded.
The large slime creature is struck by your spines.
The large slime creature hits you.
You sock the large slime creature! You burn the large slime creature.
The large slime creature is severely wounded.
Your shadow hits the large slime creature with a flail.
The slime creature hits you!
* * * LOW HITPOINT WARNING * * *
The large slime creature hits you.
* * * LOW HITPOINT WARNING * * *
You sock the large slime creature! You burn the large slime creature.
The large slime creature is almost dead.
The slime creature closely misses you.
A large slime creature splits.
You bludgeon the slime creature!! You burn the slime creature.
You kill the slime creature!
Dithmenos accepts your kill. The slime creature hits you!
* * * LOW HITPOINT WARNING * * *
Your Stealth skill increases to level 8!
You bludgeon the slime creature!! You burn the slime creature.
You kill the slime creature!
Dithmenos accepts your kill.
The slime creature is struck by your spines.
The slime creature hits you!
* * * LOW HITPOINT WARNING * * *
You sock the slime creature! You burn the slime creature.
The slime creature is severely wounded.
The slime creature hits you!
You die...

...####.# #.#.# #....# #......#
...####'###.#.# #....###......#
...#......#.#.# ##.#..##......#
......###.....# #.##.##......#
.....##⌠##..######.....#......#
....##...##...#...##.#.#......#
...##.....##..'....#.#..#....##
...+...♣!.W#..#....#.##.#....#
...##..!..##..#J@..#.##..†..>#
....##...##...#.)..#(###†##+##
.....##⌠##..#.#..#.#.#
#.†#+#####
......###..+#+##.#.#.#
##........
#####............#.#.#
#........
.................#.#.#
##.......
#####.#..........+.#.# #.......
......#..........###.# ##>##...
#######..........'...# ####...


You could see a slime creature.

Vanquished Creatures
  Josephine (D:11)
  A centaur warrior (D:12)
  A two-headed ogre (D:12)
  3 skeletal warriors
  Pikel (D:6)
  5 cyclopes
  A manticore (D:12)
  2 gargoyles
  A freezing wraith (D:12)
  2 unseen horrors
  An efreet (D:9)
  2 trolls
  5 slime creatures (D:12)
  3 wyverns
  6 wraiths
  11 yaks
  Menkaure (D:7)
  4 vampire mosquitoes (D:12)
  Edmund (D:5)
  An acid dragon (D:12)
  2 water moccasins
  2 black bears
  A sky beast (D:7)
  2 necrophages (D:5)
  6 orc warriors
  5 centaurs
  An ogre (D:4)
  3 lemures (D:6)
  2 kobold brigands
  2 phantoms
  A wyvern zombie (D:9)
  A bullfrog (D:9)
  A gnoll sergeant (D:9)
  4 scorpions
  4 killer bees (D:11)
  6 wights (D:7)
  4 howler monkeys
  2 centaur zombies
  2 bullfrog zombies
  3 hounds
  4 jellies
  3 centaur skeletons (D:7)
  3 orc priests
  A bullfrog skeleton (D:5)
  Terence (D:3)
  A gnoll shaman (D:6)
  A scorpion zombie (D:5)
  6 iguanas
  4 orc wizards
  A howler monkey zombie (D:5)
  12 gnolls
  7 adders
  A shadow imp (D:5)
  An adder skeleton (D:4)
  A worm (D:2)
  29 orcs
  6 ball pythons
  4 bats
  11 endoplasms
  7 giant cockroaches
  3 goblins
  6 hobgoblins
  15 jackals
  6 quokkas
  7 frilled lizards
  25 kobolds
  A quokka skeleton (D:4)
  7 rats
281 creatures vanquished.

Vanquished Creatures (others)
  9 plants (Sewer)
9 creatures vanquished.

Grand Total: 290 creatures vanquished

Notes
Turn   | Place    | Note
-------+----------+-------------------------------------------
     0 | D:1      | senseless the Demonspawn Monk began the quest for the Orb.
     0 | D:1      | Reached XP level 1. HP: 18/18 MP: 1/1
   325 | D:1      | Found Raboram's General Store.
   395 | D:1      | Gained mutation: You are partially covered in sharp spines.
                  | [demonic ancestry]
   395 | D:1      | Reached XP level 2. HP: 24/24 MP: 2/2
   494 | D:1      | Found a faded altar of an unknown god.
   536 | D:1      | Became a worshipper of Dithmenos the Shadowed
   536 | D:1      | Reached * piety under Dithmenos
   536 | D:1      | Reached ** piety under Dithmenos
  1088 | D:2      | Reached *** piety under Dithmenos
  1102 | D:2      | Reached XP level 3. HP: 26/29 MP: 3/3
  1478 | D:2      | Reached XP level 4. HP: 37/37 MP: 4/4
  1490 | D:2      | Reached skill level 4 in Fighting
  2299 | D:3      | Noticed Terence
  2314 | D:3      | Killed Terence
  2543 | D:3      | Reached XP level 5. HP: 43/43 MP: 5/5
  2733 | D:4      | Found a staircase to the Ecumenical Temple.
  2826 | D:4      | Noticed an ogre
  2991 | D:4      | Killed an ogre
  3427 | D:4      | Reached **** piety under Dithmenos
  3621 | D:4      | Gained mutation: You are mostly covered in sharp spines.
                  | [demonic ancestry]
  3621 | D:4      | Reached XP level 6. HP: 46/50 MP: 6/6
  3647 | D:4      | Found a transporter.
  3729 | D:4      | Found a transporter.
  4231 | D:5      | Entered Level 5 of the Dungeon
  4252 | D:5      | Found a runed translucent gate.
  4297 | D:5      | Reached skill level 5 in Fighting
  4413 | D:5      | Found a glowing drain.
  4436 | Sewer    | Entered a sewer
  5151 | D:5      | Noticed Edmund
  5162 | D:5      | Killed Edmund
  5163 | D:5      | Gained mutation: You are partially covered in thin metallic
                  | scales. (AC +2) [demonic ancestry]
  5163 | D:5      | Reached XP level 7. HP: 46/57 MP: 7/7
  5429 | D:5      | Found a runed translucent gate.
  5429 | D:5      | Found a runed translucent gate.
  5430 | D:5      | Noticed HoaS's ghost (novice DjIE)
  5436 | D:5      | Reached ***** piety under Dithmenos
  5529 | D:5      | Reached skill level 6 in Fighting
  5529 | D:5      | Reached skill level 1 in Maces & Flails
  5701 | D:5      | Reached skill level 1 in Armour
  5836 | D:5      | Reached XP level 8. HP: 58/65 MP: 8/8
  6145 | D:6      | Found an iron altar of Okawaru.
  6198 | D:6      | Noticed Pikel
  6199 | D:6      | Found Efylos's Distillery.
  6222 | D:6      | Killed Pikel
  6223 | D:6      | Reached skill level 7 in Fighting
  6223 | D:6      | Reached skill level 5 in Dodging
  6433 | D:6      | Bought a potion of curing for 36 gold pieces
  6433 | D:6      | Bought a potion of curing for 36 gold pieces
  6529 | D:6      | Identified the +0 pair of gloves of Lamnih {rCorr Str+3}
  6602 | D:6      | Found a runed translucent door.
  6603 | D:6      | Found a shimmering altar of Xom.
  6603 | D:6      | Noticed tilp's ghost (novice BaSu)
  6617 | D:6      | Noticed a +2 short sword of chaos
  6646 | D:6      | Gained mutation: You sometimes gain a little power by
                  | taking damage. [demonic ancestry]
  6646 | D:6      | Reached XP level 9. HP: 58/72 MP: 9/9
  7404 | D:7      | Found Hunwaske's Magic Scroll Shop.
  7409 | D:7      | Bought a scroll of enchant armour for 112 gold pieces
  7409 | D:7      | Bought a scroll of enchant armour for 112 gold pieces
  7409 | D:7      | Bought a scroll of identify for 30 gold pieces
  7452 | D:7      | Reached skill level 5 in Stealth
  7615 | D:7      | Found Sosazien's Armour Shop.
  7641 | D:7      | Found a hide-covered altar of Uskayaw.
  7734 | D:7      | Reached skill level 8 in Fighting
  8038 | D:7      | Noticed a troll
  8046 | D:7      | Killed a troll
  8454 | D:7      | Noticed Menkaure
  8463 | D:7      | Killed Menkaure
  8464 | D:7      | Reached skill level 5 in Maces & Flails
  8860 | D:8      | Upgraded the game from 0.27-a0-1189-gb8eb6cee8e to
                  | 0.27-a0-1191-g601b473118
  8891 | D:8      | Found a stormy altar of Qazlal.
  9142 | D:8      | Found a broken altar of Ashenzari.
  9505 | D:8      | Gained mutation: You are mostly covered in thin metallic
                  | scales. (AC +3) [demonic ancestry]
  9505 | D:8      | Reached XP level 10. HP: 82/82 MP: 10/10
 10042 | D:9      | Found a staircase to the Lair.
 10077 | D:9      | Reached skill level 9 in Fighting
 10745 | D:10     | Entered Level 10 of the Dungeon
 10789 | D:10     | Noticed a gargoyle
 10800 | D:10     | Killed a gargoyle
 11297 | D:10     | Found a burning altar of Makhleb.
 11546 | D:11     | Noticed a cyclops
 11554 | D:11     | Killed a cyclops
 11555 | D:11     | Reached skill level 10 in Fighting
 11574 | D:11     | Found a portal to a secret trove of treasure.
 11605 | D:11     | Reached skill level 5 in Armour
 11625 | D:11     | Found Lapoygeu's Magic Scroll Emporium.
 11625 | D:11     | Noticed Josephine
 11635 | D:11     | Noticed a cyclops
 11643 | D:11     | Killed Josephine
 11644 | D:11     | Reached XP level 11. HP: 41/90 MP: 11/11
 11889 | D:11     | Found Jigukk's Assorted Antiques.
 11899 | D:11     | Found a staircase to the Orcish Mines.
 11900 | D:11     | Found Heegh's Armour Emporium.
 11974 | D:11     | Bought a +0 cloak for 45 gold pieces
 11974 | D:11     | Bought a +0 pair of boots for 45 gold pieces
 11996 | D:11     | Noticed a skeletal warrior
 11999 | D:11     | Noticed a skeletal warrior
 12000 | D:11     | Noticed a skeletal warrior
 12012 | D:10     | Killed a skeletal warrior
 12222 | D:10     | Killed a skeletal warrior
 12727 | D:11     | Killed a skeletal warrior
 13256 | D:11     | Bought a metal-bound book for 345 gold pieces
 13256 | D:11     | Bought a cyan potion for 20 gold pieces
 13299 | D:11     | Found Bimmep's Distillery.
 13340 | D:12     | Noticed a centaur warrior
 13344 | D:12     | Killed a centaur warrior
 13474 | D:12     | Reached skill level 11 in Fighting
 13992 | D:12     | Found a runed translucent door.
 13992 | D:12     | Noticed Cralpanu's ghost (journeyman MfTm)
 14099 | D:12     | Noticed a two-headed ogre
 14107 | D:12     | Killed a two-headed ogre
 14108 | D:12     | Gained mutation: You sometimes gain power by taking damage.
                  | [demonic ancestry]
 14108 | D:12     | Reached XP level 12. HP: 70/100 MP: 12/12
 14544 | D:12     | HP: 4/100 [very large slime creature (29)]
 14583 | D:12     | HP: 4/100 [slime creature (9)]
 14584 | D:12     | Mangled by a slime creature

Illustrated notes

Levels and vault maps discovered:
D:1:      heliophobic_arrival_enchanted_forest, layout_basic, serial_shops,
          shop_statue, chequers_ecumenical_altar_simple
D:2:      layout_basic
D:3:      layout_rooms, serial_glass, glass_columns_b, glass_columns_b,
          glass_columns_a, uniq_terence
D:4:      gammafunk_wand_slinger, layout_basic, temple_pool_b
D:5:      minmay_opposing_rooms, layout_cave_pools, gup_sewer_entry_pipe,
          ebering_ghost_rock_garden, serial_park, feat_on_display, uniq_edmund
D:6:      layout_basic, okawaru_ov_weapons_minmay, ebering_ghost_xom,
          serial_shops, shop, uniq_pikel
D:7:      layout_loops_cross, jmf_multi_god_temple, serial_shops,
          nicolae_shop_trees, shop, kennysheep_generic_room_7, uniq_menkaure
D:8:      layout_gridville, ashenzari_altar_1, marbit_many_paths,
          minmay_misc_feat_rows
D:9:      layout_loops_cross, dpeg_oklobed_lair
D:10:     layout_small_grid, lightli_temple_of_fire
D:11:     layout_rooms, orc_david_3, nicolae_trove_entry_crystal, serial_shops,
          kennysheep_little_box, shop, nicolae_shop_waterfront,
          minmay_hedge_maze, uniq_josephine
D:12:     layout_basic, hellmonk_ghost_happy_afterlife

Skill      XL: |  1  2  3  4  5  6  7  8  9 10 11 12 |
---------------+-------------------------------------+-----
Dodging        | 3 4 5 6 7 |  7.7
Unarmed Combat | 3 4 |  4.1
Stealth        | 2 3 4 5 6 7 8 |  8.0
Fighting       | 4 5 6 7 8 10 11 | 11.4
Maces & Flails | 2 4 5 7 8 9 |  9.1
Armour         | 1 2 3 5 6 |  6.2
Invocations    | |  0.4

Action                   |  1- 3 |  4- 6 |  7- 9 | 10-12 || total
-------------------------+-------+-------+-------+-------++-------
Melee: Unarmed           |    96 |   185 |    22 |       ||   303
       Punch             |     3 |     5 |     5 |     8 ||    21
       Flail             |       |       |   157 |   252 ||   409
Evoke: Wand              |       |     1 |     2 |     3 ||     6
  Use: Scroll            |     2 |     8 |     9 |    11 ||    30
       Potion            |       |       |     2 |     3 ||     5
 Stab: Sleeping          |     5 |    15 |    14 |    13 ||    47
       Distracted        |     1 |       |       |       ||     1
Armor: Robe              |    12 |    11 |     4 |       ||    27
       Leather armour    |       |       |    70 |    90 ||   160
Dodge: Dodged            |    57 |   115 |   130 |   167 ||   469

Table legend: (Time is in decaauts)
 A = Elapsed time spent in this place.
 B = Non-inter-level travel time spent in this place.
 C = Inter-level travel time spent in this place.
 D = Time resting spent in this place.
 E = Time spent auto-exploring this place.
 F = Levels seen in this place.
 G = Mean time per level.
                   A        B        C        D        E       F      G
               +--------+--------+--------+--------+--------+-----+--------+
         Total |  14819 |  14517 |    302 |   2274 |  10161 |  13 | 1139.9 |
       Dungeon |  14030 |  13728 |    302 |   2274 |   9561 |  12 | 1169.2 |
         Sewer |    789 |    789 |      0 |      0 |    599 |   1 |  789.0 |
               +--------+--------+--------+--------+--------+-----+--------+

Top non-repeatable levels by time:
    D:10: 1716 daAuts
     D:7: 1420 daAuts
     D:4: 1394 daAuts
     D:6: 1286 daAuts
     D:5: 1278 daAuts
    D:12: 1245 daAuts
     D:8: 1142 daAuts
     D:1: 1066 daAuts
     D:2: 1003 daAuts
    D:11: 899 daAuts
     D:9: 820 daAuts
   Sewer: 789 daAuts
     D:3: 756 daAuts
